 Dungeon Sprint DCSS version 0.30.1-11-g7821555f0a (webtiles) character file.

Game seed: 13677534365418966697

3100000 jagang the Axe Maniac (level 19, -46/207 HPs)
             Began as a Minotaur Berserker on Nov 21, 2023.
             Was a Priest of Trog.
             Annihilated by a meat berserker
             ... wielding a +9 battleaxe
              (49 damage)
             ... in the Dungeon (Sprint VIII: "Arena of Blood").
             The game lasted 00:02:59 (31 turns).

jagang the Axe Maniac (Minotaur Berserker)            Turns: 31, Time: 00:02:59

Health: -46/207    AC:  4    Str: 31    XL:     19   Next: 59%
Magic:  3/35       EV: 21    Int:  4    God:    Trog [***...]
Gold:   0          SH:  0    Dex:  9    Spells: 42/42 levels left

rFire   . . .        i - +∞ Axe of Woe
rCold   . . .        (shield currently unavailable)
rNeg    . . .        b - +0 animal skin
rPois   .            (helmet restricted)
rElec   .            (no cloak)
rCorr   .            (no gloves)
SInv    .            (no boots)
Will    +....        (no amulet)
Stlth   ++++++       j - +30 ring of slaying
HPRegen 0.54/turn    (no ring)
MPRegen 0.24/turn

%: no teleportation
@: no status effects
A: horns 2, retaliatory headbutt
a: Renounce Religion, Berserk, Trog's Hand


You were in the Dungeon.
You worshipped Trog.
Trog was most pleased with you.
You visited 1 branch

Inventory:

Hand Weapons
 a - a +0 hand axe
 i - the +∞ Axe of Woe (weapon)
   (You found it in the Dungeon)
Armour
 b - a +0 animal skin (worn)
Jewellery
 j - a +30 ring of slaying (left hand)
Scrolls
 h - a scroll of blinking
Potions
 c - a potion of curing
 d - a potion of heal wounds
 e - a potion of haste
 f - 2 potions of magic
 g - a potion of berserk rage


   Skills:
 O Level 27 Fighting
 O Level 27 Axes
 O Level 27 Throwing
 O Level 27 Armour
 O Level 27 Dodging
 + Level 15.3 Stealth
 + Level 19.5 Shields
 + Level 12.0 Spellcasting
 O Level 27 Invocations
 O Level 27 Evocations


You had 42 spell levels left.
You didn't know any spells.
Your spell library was empty.

Dungeon Overview and Level Annotations

Branches:
Dungeon (1/1)

Altars:
Makhleb


Innate Abilities, Weirdness & Mutations

You have a pair of horns on your head.
You reflexively headbutt those who attack you in melee.


Message History

You kill the bag of meat!
Trog accepts your kill.
The large bag of meat explodes!
The fiery explosion engulfs you!!
You are engulfed in blazing flames.
You hear a shout! x2
A bag of meat comes into view. It is wielding a +9 war axe.
You hear a shout!
A large bag of meat comes into view. It is wielding a +9 giant spiked club.
You hear a shout! x2
A bag of meat comes into view. It is wielding a +9 war axe.
Trog does not appreciate your training of magic skills!
You feel extremely guilty. Trog will no longer gift you weapons.
Your Stealth skill gained 7 levels and is now at level 13!
Your Shields skill gained 7 levels and is now at level 16!
Your Spellcasting skill gained 5 levels and is now at level 10!
You slice the bag of meat!!
You butcher the bag of meat messily.
You kill the bag of meat!
Trog accepts your kill.
You chop the bag of meat into pieces!!!
You dissect the bag of meat like a pig carcass.
You kill the bag of meat!
Trog accepts your kill.
Trog will now gift you melee weapons as you gain piety.
You are engulfed in blazing flames.
You hear a shout! x7
The meat berserker rages.
You hear a shout!
Trog does not appreciate your training of magic skills!
You feel extremely guilty. Trog will no longer gift you weapons.
Your Stealth skill gained 2 levels and is now at level 15!
Your Shields skill gained 3 levels and is now at level 19!
Your Spellcasting skill gained 2 levels and is now at level 12!
The meat berserker attacks as you move away!
The meat berserker hits you with a +9 battleaxe!!!!
* * * LOW HITPOINT WARNING * * *
You hear a shout! x3
The meat berserker hits you with a +9 battleaxe!!!
You die...

#. ..# #.. ...#
.###.. ...###o...
......###.....ooo.
....._..........
#.....#.......
#_.O._#o......
...#..O..#.O....#
......_@)Oo......
......###§§)O.....
.###....O°§###....
#....§.§# ...
#...o...#
..........
....O......
....o......
....O....o##


You could see 3 large bags of meat, 2 meat berserkers and a bag of meat.

Vanquished Creatures
  A vampire knight (D)
  9 ogres (D)
  A two-headed ogre (D)
  22 orcs (D)
33 creatures vanquished.

Notes
Turn   | Place    | Note
-------+----------+-------------------------------------------
     0 | D        | Found the +∞ Axe of Woe
     0 | D        | jagang the Minotaur Berserker began the quest for the Orb.
     0 | D        | Reached XP level 1. HP: 19/19 MP: 0/0
     2 | D        | Noticed a bag of meat
     3 | D        | Noticed a meat berserker
     5 | D        | Noticed a meat berserker
     6 | D        | Noticed a bag of meat
     6 | D        | Noticed a bag of meat
     7 | D        | Killed a meat berserker
     7 | D        | Killed a bag of meat
     7 | D        | Reached ** piety under Trog
     7 | D        | Noticed a meat berserker
     7 | D        | Noticed a bag of meat
     8 | D        | Reached skill level 10 in Throwing
     8 | D        | Reached skill level 10 in Invocations
     8 | D        | Reached XP level 2. HP: 52/52 MP: 0/7
     8 | D        | Reached XP level 3. HP: 59/59 MP: 0/8
     8 | D        | Reached XP level 4. HP: 68/68 MP: 0/10
     8 | D        | Reached XP level 5. HP: 74/74 MP: 0/11
     8 | D        | Reached XP level 6. HP: 82/82 MP: 0/13
     8 | D        | Reached XP level 7. HP: 89/89 MP: 0/14
     8 | D        | Reached XP level 8. HP: 97/97 MP: 0/15
     8 | D        | Reached XP level 9. HP: 104/104 MP: 0/16
     8 | D        | Reached XP level 10. HP: 112/112 MP: 0/17
     8 | D        | Reached XP level 11. HP: 118/118 MP: 0/18
     8 | D        | Reached XP level 12. HP: 127/127 MP: 0/19
     8 | D        | Noticed a bag of meat
     8 | D        | Noticed a meat berserker
     8 | D        | Noticed a bag of meat
     9 | D        | Killed a meat berserker
     9 | D        | Killed a bag of meat
     9 | D        | Noticed a bag of meat
     9 | D        | Noticed a bag of meat
    10 | D        | Reached skill level 15 in Armour
    10 | D        | Reached XP level 13. HP: 140/140 MP: 0/21
    10 | D        | Noticed a meat berserker
    10 | D        | Noticed a bag of meat
    11 | D        | Killed a meat berserker
    11 | D        | Reached *** piety under Trog
    11 | D        | Noticed a bag of meat
    12 | D        | Reached XP level 14. HP: 88/152 MP: 0/23
    12 | D        | Noticed a bag of meat
    12 | D        | Noticed a bag of meat
    13 | D        | Killed a meat berserker
    13 | D        | Killed a bag of meat
    13 | D        | Killed a bag of meat
    13 | D        | Noticed a meat berserker
    13 | D        | Noticed a bag of meat
    14 | D        | Reached skill level 15 in Throwing
    14 | D        | Reached skill level 15 in Invocations
    14 | D        | Reached XP level 15. HP: 97/166 MP: 0/25
    15 | D        | Reached **** piety under Trog
    15 | D        | Noticed a meat berserker
    16 | D        | Killed a meat berserker
    18 | D        | Reached skill level 15 in Evocations
    18 | D        | Reached XP level 16. HP: 107/180 MP: 1/27
    18 | D        | Reached ***** piety under Trog
    18 | D        | Noticed a meat berserker
    19 | D        | Reached skill level 27 in Fighting
    19 | D        | Reached skill level 27 in Axes
    19 | D        | Killed a meat berserker
    20 | D        | Reached skill level 27 in Dodging
    20 | D        | Received a gift from Trog
    20 | D        | Noticed a destroyer
    20 | D        | Noticed a large bag of meat
    22 | D        | Reached XP level 17. HP: 115/191 MP: 2/29
    23 | D        | Noticed a large bag of meat
    23 | D        | Noticed a meat berserker
    24 | D        | Killed a meat berserker
    24 | D        | Noticed a meat berserker
    24 | D        | Noticed a large bag of meat
    24 | D        | Noticed a meat berserker
    25 | D        | Killed a meat berserker
    25 | D        | Noticed a large bag of meat
    26 | D        | Reached skill level 27 in Armour
    26 | D        | Reached XP level 18. HP: 122/200 MP: 2/33
    26 | D        | Killed a destroyer
    26 | D        | Reached ****** piety under Trog
    26 | D        | Received a gift from Trog
    27 | D        | Reached skill level 27 in Throwing
    27 | D        | Reached skill level 27 in Invocations
    27 | D        | Noticed a meat berserker
    27 | D        | Noticed a large bag of meat
    28 | D        | Killed a meat berserker
    29 | D        | Reached skill level 27 in Evocations
    29 | D        | Reached skill level 5 in Spellcasting
    29 | D        | Reached XP level 19. HP: 127/207 MP: 3/35
    29 | D        | Killed a large bag of meat
    29 | D        | Noticed a large bag of meat
    30 | D        | Reached skill level 10 in Spellcasting
    31 | D        | Reached skill level 15 in Stealth
    31 | D        | HP: 2/207 [meat berserker/+9 battleaxe (74)]
    31 | D        | Annihilated by a meat berserker

Illustrated notes

Levels and vault maps discovered:
D:        meatsprint

Skill      XL: |  1  2  3  4  5  6  7  8  9 10 11 12 13 14 15 16 17 18 19 |
---------------+----------------------------------------------------------+-----
Fighting       | 17 20 21 24 26 27 | 27.0
Axes           | 17 20 21 24 26 27 | 27.0
Throwing       | 10 12 13 15 16 19 24 27 | 27.0
Armour         | 12 15 16 17 19 23 27 | 27.0
Dodging        | 16 18 20 22 24 27 | 27.0
Invocations    | 10 12 13 15 16 19 24 27 | 27.0
Evocations     | 9 11 12 13 15 18 23 27 | 27.0
Stealth        | 6 15 | 15.3
Shields        | 9 19 | 19.5
Spellcasting   | 5 12 | 12.0

Action                     |  1- 3 |  4- 6 |  7- 9 | 10-12 | 13-15 | 16-18 | 19-21 || total
---------------------------+-------+-------+-------+-------+-------+-------+-------++-------
  Melee: Executioner's axe |     1 |       |       |     1 |     5 |    10 |     2 ||    19
